IL
LAS VEGAS 51S @ OKLAHOMA CITY DODGERS
09/20/2046
 
TOP OF THE 1ST
Las Vegas 51s batting - Pitching for Oklahoma City Dodgers : RHP Jean-Michel Hamon
Pitching: RHP Jean-Michel Hamon
Batting: LHB Jose Chavez 0-0: Fly out, F6 (Popup, 6MS, EV 84.4 MPH)
Batting: RHB Billy Walker 0-0: Ball
1-0: Called Strike
1-1: Ball
2-1: Foul Ball, location: 2F
2-2: Ground out 6-3 (Groundball, 6, EV 95.0 MPH)
Batting: RHB Josh Jones 0-0: Swinging Strike
0-1: Ball
1-1: SINGLE (Groundball, 56S, EV 73.1 MPH) (infield hit)
Batting: RHB Masaya Nakamura 0-0: Ball
1-0: Ball
2-0: SINGLE (Groundball, 6MD, EV 103.8 MPH)
Josh Jones to second
Runner from 2nd tries for 3rd, OUT! 8-5
Top of the 1st over - 0 runs, 2 hits, 0 errors, 1 left on base; Las Vegas 0 - Oklahoma City 0
BOTTOM OF THE 1ST
Oklahoma City Dodgers batting - Pitching for Las Vegas 51s : RHP David Anzaldua
Pitching: RHP David Anzaldua
Batting: RHB Sam Saunders 0-0: Called Strike
0-1: Ball
1-1: Ball
2-1: Ground out 4-3 (Groundball, 4, EV 88.8 MPH)
Batting: LHB Frank Mullen 0-0: SINGLE (Groundball, 25, EV 72.5 MPH) (infield hit)
Batting: SHB Shane Marcum 0-0: Ball
1-0: Called Strike
1-1: Ball
2-1: Called Strike
2-2: Ball
3-2: Base on Balls
Frank Mullen to second
Batting: LHB Tommy King 0-0: Grounds into double play, 4-6-3 (Groundball, 4, EV 91.9 MPH)
Bottom of the 1st over - 0 runs, 1 hit, 0 errors, 1 left on base; Las Vegas 0 - Oklahoma City 0
TOP OF THE 2ND
Las Vegas 51s batting - Pitching for Oklahoma City Dodgers : RHP Jean-Michel Hamon
Batting: SHB Jason Evans 0-0: Swinging Strike
0-1: Ball
1-1: Ball
2-1: Swinging Strike
2-2: Ball
3-2: Strikes out swinging
Batting: RHB Mike Phillips 0-0: Ball
1-0: Called Strike
1-1: Called Strike
1-2: Ball
2-2: Strikes out looking
Batting: RHB Bobby Coulombe 0-0: Ball
1-0: Ball
2-0: Ball
3-0: Called Strike
3-1: Foul Ball, location: 2F
3-2: Base on Balls
Batting: RHB Gang-sheng Chew 0-0: Called Strike
0-1: Swinging Strike
0-2: Ball
1-2: Foul Ball, location: 2F
1-2: Foul Ball, location: 2F
1-2: Strikes out swinging
Top of the 2nd over - 0 runs, 0 hits, 0 errors, 1 left on base; Las Vegas 0 - Oklahoma City 0
BOTTOM OF THE 2ND
Oklahoma City Dodgers batting - Pitching for Las Vegas 51s : RHP David Anzaldua
Batting: SHB Ken Welch 0-0: Ball
1-0: Called Strike
1-1: SOLO HOME RUN (Flyball, 9D, EV 97.5 MPH), Distance : 378 ft
Batting: RHB John Manocchio 0-0: Ball
1-0: Ball
2-0: Called Strike
2-1: Ball
3-1: Called Strike
3-2: SINGLE (Groundball, 34D, EV 105.0 MPH)
Batting: RHB Martin Chavez 0-0: SINGLE (Line Drive, 7S, EV 106.2 MPH)
John Manocchio to second
Batting: RHB Jeremy Giesler 0-0: Ball
1-0: Called Strike
1-1: Ball
2-1: Foul Ball, location: 2F
2-2: DOUBLE (Flyball, 78XD, EV 105.6 MPH)
John Manocchio scores
Martin Chavez to third
Batting: LHB Darrell Ortega 0-0: Called Strike
0-1: Swinging Strike
0-2: Ball
1-2: Ball
2-2: Strikes out swinging
Batting: RHB Sam Saunders 0-0: Called Strike
0-1: Ball
1-1: Ground out 4-3 (Groundball, 4, EV 83.8 MPH)
Martin Chavez scores
Jeremy Giesler to third
Batting: LHB Frank Mullen 0-0: Swinging Strike
0-1: Ball
1-1: Ground out 4-3 (Groundball, 4, EV 78.8 MPH)
Bottom of the 2nd over - 3 runs, 4 hits, 0 errors, 1 left on base; Las Vegas 0 - Oklahoma City 3
TOP OF THE 3RD
Las Vegas 51s batting - Pitching for Oklahoma City Dodgers : RHP Jean-Michel Hamon
Batting: LHB Elmo Dreier 0-0: Ball
1-0: Ball
2-0: Fly out, F9 (Flyball, 9, EV 92.5 MPH)
Batting: LHB Jose Chavez 0-0: Called Strike
0-1: Ball
1-1: Swinging Strike
1-2: Strikes out swinging
Batting: RHB Billy Walker 0-0: Ball
1-0: Ball
2-0: Swinging Strike
2-1: Called Strike
2-2: Ball
3-2: SINGLE (Groundball, 56D, EV 100.6 MPH)
Batting: RHB Josh Jones 0-0: Ball
1-0: DOUBLE (Groundball, 5L, EV 103.8 MPH)
Billy Walker to third
Runner from 3rd tries for Home, SAFE, throw by LF to home
Batting: RHB Masaya Nakamura 0-0: Foul Ball, location: 2F
0-1: Called Strike
0-2: Ground out 5-3 (Groundball, 5, EV 88.1 MPH)
Top of the 3rd over - 1 run, 2 hits, 0 errors, 1 left on base; Las Vegas 1 - Oklahoma City 3
BOTTOM OF THE 3RD
Oklahoma City Dodgers batting - Pitching for Las Vegas 51s : RHP David Anzaldua
Batting: SHB Shane Marcum 0-0: Ball
1-0: Ground out 6-3 (Groundball, 4M, EV 105.0 MPH)
Batting: LHB Tommy King 0-0: Called Strike
0-1: Swinging Strike
0-2: Ball
1-2: Strikes out swinging
Batting: SHB Ken Welch 0-0: Ball
1-0: Ball
2-0: Foul Ball, location: 2F
2-1: Fly out, F3 (Popup, 3F, EV 84.4 MPH)
Bottom of the 3rd over - 0 runs, 0 hits, 0 errors, 0 left on base; Las Vegas 1 - Oklahoma City 3
TOP OF THE 4TH
Las Vegas 51s batting - Pitching for Oklahoma City Dodgers : RHP Jean-Michel Hamon
Batting: SHB Jason Evans 0-0: Ball
1-0: SINGLE (Groundball, 34D, EV 96.2 MPH)
Batting: RHB Mike Phillips 0-0: Called Strike
0-1: Swinging Strike
0-2: Strikes out looking
Batting: RHB Bobby Coulombe 0-0: Ball
Jason Evans steals 2nd base
1-0: Fly out, F8 (Line Drive, 8LM, EV 93.8 MPH)
Batting: RHB Gang-sheng Chew 0-0: Ball
1-0: Called Strike
1-1: Foul Ball, location: 2F
1-2: Strikes out swinging
Top of the 4th over - 0 runs, 1 hit, 0 errors, 1 left on base; Las Vegas 1 - Oklahoma City 3
BOTTOM OF THE 4TH
Oklahoma City Dodgers batting - Pitching for Las Vegas 51s : RHP David Anzaldua
Batting: RHB John Manocchio 0-0: Swinging Strike
0-1: Called Strike
0-2: Ball
1-2: Ball
2-2: Ball
3-2: Strikes out swinging
Batting: RHB Martin Chavez 0-0: Called Strike
0-1: Ball
1-1: Ball
2-1: Fly out, F7 (Line Drive, 7S, EV 94.4 MPH)
Batting: RHB Jeremy Giesler 0-0: Called Strike
0-1: Ball
1-1: Ball
2-1: Ball
3-1: Ground out 6-3 (Groundball, 6, EV 86.2 MPH)
Bottom of the 4th over - 0 runs, 0 hits, 0 errors, 0 left on base; Las Vegas 1 - Oklahoma City 3
TOP OF THE 5TH
Las Vegas 51s batting - Pitching for Oklahoma City Dodgers : RHP Jean-Michel Hamon
Batting: LHB Elmo Dreier 0-0: Ball
1-0: DOUBLE (Groundball, 3L, EV 104.4 MPH)
Batting: LHB Jose Chavez 0-0: Ball
1-0: Ball
2-0: Called Strike
2-1: Ball
3-1: Base on Balls
Batting: RHB Billy Walker 0-0: Ball
1-0: Swinging Strike
1-1: Foul Ball, location: 2F
1-2: Ball
2-2: Strikes out swinging
Batting: RHB Josh Jones 0-0: Ball
1-0: Called Strike
1-1: Foul Ball, location: 2F
1-2: SINGLE (Groundball, 34D, EV 106.2 MPH)
Elmo Dreier to third
Jose Chavez to second
Runner from 3rd tries for Home, SAFE, throw by RF to home
Batting: RHB Masaya Nakamura 0-0: Foul Ball, location: 2F
0-1: Ground out 5-3 (Groundball, 5L, EV 91.9 MPH)
Jose Chavez to third
Josh Jones to second
Batting: SHB Jason Evans 0-0: Ball
1-0: Ball
2-0: Called Strike
2-1: Called Strike
2-2: Ball
3-2: Strikes out swinging
Top of the 5th over - 1 run, 2 hits, 0 errors, 2 left on base; Las Vegas 2 - Oklahoma City 3
BOTTOM OF THE 5TH
Oklahoma City Dodgers batting - Pitching for Las Vegas 51s : RHP David Anzaldua
Batting: LHB Darrell Ortega 0-0: Ball
1-0: Ball
2-0: SINGLE (Line Drive, 89M, EV 92.5 MPH)
Batting: RHB Sam Saunders 0-0: SINGLE (Flyball, 8RM, EV 96.2 MPH)
Darrell Ortega to second
Batting: LHB Frank Mullen 0-0: Ball
1-0: Fly out, F9 (Flyball, 9S, EV 74.4 MPH)
Batting: SHB Shane Marcum 0-0: Called Strike
0-1: Ball
1-1: Foul Ball, location: 2F
1-2: Ball
2-2: Ball
3-2: DOUBLE (Line Drive, 78D, EV 108.1 MPH)
Darrell Ortega scores
Sam Saunders to third
Batting: LHB Tommy King 0-0: SINGLE (Groundball, 4D, EV 95.6 MPH)
Sam Saunders scores
Shane Marcum to third
Runner from 3rd tries for Home, SAFE, throw by CF to home
Pitching: RHP Hugo Valentin
Batting: SHB Ken Welch 0-0: Ball
1-0: Called Strike
1-1: Ball
2-1: Fly out, F7 (Line Drive, 7, EV 89.4 MPH)
Batting: RHB John Manocchio 0-0: Ball
1-0: SINGLE (Groundball, 4MD, EV 101.9 MPH)
Tommy King to second
Batting: RHB Martin Chavez 0-0: Ball
1-0: Foul Ball, location: 2F
1-1: Foul Ball, location: 2F
1-2: Ball
2-2: Fielders Choice at 2nd, 5-4 (Groundball, 56, EV 88.8 MPH)
Bottom of the 5th over - 3 runs, 5 hits, 0 errors, 2 left on base; Las Vegas 2 - Oklahoma City 6
TOP OF THE 6TH
Las Vegas 51s batting - Pitching for Oklahoma City Dodgers : RHP Jean-Michel Hamon
Batting: RHB Mike Phillips 0-0: Called Strike
0-1: Called Strike
0-2: Strikes out swinging
Batting: RHB Bobby Coulombe 0-0: Ball
1-0: Ball
2-0: Called Strike
2-1: Foul Ball, location: 2F
2-2: Fly out, F3 (Line Drive, 3, EV 67.5 MPH)
Batting: RHB Gang-sheng Chew 0-0: Swinging Strike
0-1: DOUBLE (Flyball, 89D, EV 102.5 MPH)
Batting: LHB Elmo Dreier 0-0: Swinging Strike
0-1: Ball
1-1: Foul Ball, location: 2F
1-2: Ball
2-2: Ground out 6-3 (Groundball, 6, EV 98.1 MPH)
Top of the 6th over - 0 runs, 1 hit, 0 errors, 1 left on base; Las Vegas 2 - Oklahoma City 6
BOTTOM OF THE 6TH
Oklahoma City Dodgers batting - Pitching for Las Vegas 51s : RHP Hugo Valentin
Batting: RHB Jeremy Giesler 0-0: Ball
1-0: Ball
2-0: Called Strike
2-1: Swinging Strike
2-2: Strikes out swinging
Batting: LHB Darrell Ortega 0-0: Ground out U3 (Groundball, 3S, EV 93.1 MPH)
Batting: RHB Sam Saunders 0-0: Foul Ball, location: 2F
0-1: Foul Ball, location: 2F
0-2: Foul Ball, location: 2F
0-2: Foul Ball, location: 2F
0-2: Ball
1-2: Foul Ball, location: 2F
1-2: Ball
2-2: Strikes out swinging
Bottom of the 6th over - 0 runs, 0 hits, 0 errors, 0 left on base; Las Vegas 2 - Oklahoma City 6
TOP OF THE 7TH
Las Vegas 51s batting - Pitching for Oklahoma City Dodgers : RHP Jean-Michel Hamon
Pitching: RHP Edwin Carrasco
Batting: LHB Jose Chavez 0-0: Called Strike
0-1: Called Strike
0-2: Ball
1-2: Fly out, F2 (Popup, 2RF, EV 89.4 MPH)
Batting: RHB Billy Walker 0-0: Ball
1-0: Swinging Strike
1-1: Called Strike
1-2: Ground out 5-3 (Groundball, 56S, EV 68.8 MPH)
Batting: RHB Josh Jones 0-0: Fly out, F7 (Flyball, 7, EV 78.1 MPH)
Top of the 7th over - 0 runs, 0 hits, 0 errors, 0 left on base; Las Vegas 2 - Oklahoma City 6
BOTTOM OF THE 7TH
Oklahoma City Dodgers batting - Pitching for Las Vegas 51s : RHP Hugo Valentin
Pitching: LHP Steve Kelly
Batting: LHB Frank Mullen 0-0: Called Strike
0-1: Ball
1-1: Ball
2-1: Called Strike
2-2: Ball
3-2: Base on Balls
Batting: SHB Shane Marcum 0-0: Called Strike
0-1: Foul Ball, location: 2F
0-2: Foul Ball, location: 2F
0-2: Strikes out swinging
Batting: LHB Tommy King 0-0: Ball
1-0: Called Strike
1-1: Ball
Frank Mullen is caught stealing 2nd base 2-6
2-1: Ball
3-1: Called Strike
3-2: DOUBLE (Line Drive, 7LM, EV 106.9 MPH)
Batting: SHB Ken Welch 0-0: Called Strike
0-1: Ball
1-1: Fly out, F9 (Line Drive, 9S, EV 93.1 MPH)
Bottom of the 7th over - 0 runs, 1 hit, 0 errors, 1 left on base; Las Vegas 2 - Oklahoma City 6
TOP OF THE 8TH
Las Vegas 51s batting - Pitching for Oklahoma City Dodgers : RHP Edwin Carrasco
Batting: RHB Masaya Nakamura 0-0: Ball
1-0: Fly out, F8 (Line Drive, 89M, EV 101.9 MPH)
Batting: SHB Jason Evans 0-0: Swinging Strike
0-1: Called Strike
0-2: Strikes out looking
Batting: RHB Mike Phillips 0-0: Called Strike
0-1: Fly out, F7 (Flyball, 7LS, EV 90.0 MPH)
Top of the 8th over - 0 runs, 0 hits, 0 errors, 0 left on base; Las Vegas 2 - Oklahoma City 6
BOTTOM OF THE 8TH
Oklahoma City Dodgers batting - Pitching for Las Vegas 51s : LHP Steve Kelly
Pitching: RHP O.D. Claussen
Batting: RHB John Manocchio 0-0: Ball
1-0: Swinging Strike
1-1: Ball
2-1: Called Strike
2-2: Strikes out swinging
Batting: RHB Martin Chavez 0-0: Called Strike
0-1: Ball
1-1: Foul Ball, location: 2F
1-2: Ground out 5-3 (Groundball, 56S, EV 80.0 MPH)
Batting: RHB Jeremy Giesler 0-0: Ball
1-0: Ground out 6-3 (Groundball, 6, EV 102.5 MPH)
Bottom of the 8th over - 0 runs, 0 hits, 0 errors, 0 left on base; Las Vegas 2 - Oklahoma City 6
TOP OF THE 9TH
Las Vegas 51s batting - Pitching for Oklahoma City Dodgers : RHP Edwin Carrasco
Batting: RHB Bobby Coulombe 0-0: Swinging Strike
0-1: Ball
1-1: Ball
2-1: SINGLE (Groundball, 4MD, EV 100.0 MPH)
Batting: RHB Gang-sheng Chew 0-0: Ball
1-0: Foul Ball, location: 2F
1-1: Grounds into double play, 5-4-3 (Groundball, 56S, EV 90.0 MPH)
Batting: LHB Elmo Dreier 0-0: Ball
1-0: Ball
2-0: Ground out 6-3 (Groundball, 6, EV 78.1 MPH)
Top of the 9th over - 0 runs, 1 hit, 0 errors, 0 left on base; Las Vegas 2 - Oklahoma City 6
Tuesday, September 13th , 2022 - OOTP Baseball 23.7 Build 88